[Event "FIDE WCCC Open-08 2024"]
[Site "Montesilvano"]
[Date "2024.11.18"]
[Round "3.1"]
[White "Petrenko, Tymofii"]
[Black "Demchenko, Timofei"]
[Result "0-1"]
[ECO "C02"]
[WhiteElo "1678"]
[BlackElo "1969"]
[PlyCount "68"]
[EventDate "2024.11.18"]
[EventType "swiss"]
[EventCountry "ITA"]
[TimeControl "5400+30"]

1. e4 e6 2. d4 d5 3. e5 c5 4. c3 Nc6 5. Nf3 Qb6 6. a3 c4 7. Nbd2 Na5 8. Be2 Bd7 9. O-O Ne7 10. Rb1 Nf5 11. h3 Be7 12. g4 Nh4 13. Nxh4 Bxh4 14. f4 Be7 15. Kh2 O-O-O 16. f5 h5 17. gxh5 exf5 18. Rg1 g6 19. Nf1 Rdg8 20. Ne3 Qe6 21. Ng2 g5 22. Rf1 f6 23. Ne3 fxe5 24. Rxf5 exd4 25. Bg4 Bd6+ 26. Kg1 dxe3 27. Rf8+ Rxf8 28. Bxe6 Bxe6 29. Bxe3 Nc6 30. b3 Ne5 31. Bd4 Nf3+ 32. Kg2 Rxh5 33. Qxf3 Rxf3 34. Kxf3 Rxh3+ 0-1

[Event "FIDE WCCC Open-08 2024"]
[Site "Montesilvano"]
[Date "2024.11.18"]
[Round "3.2"]
[White "Le Doan, Minh Thuc"]
[Black "Li, Aiden Linyuan"]
[Result "0-1"]
[ECO "E04"]
[WhiteElo "1677"]
[BlackElo "1877"]
[PlyCount "60"]
[EventDate "2024.11.18"]
[EventType "swiss"]
[EventCountry "ITA"]
[TimeControl "5400+30"]

1. d4 d5 2. c4 e6 3. Nf3 Nf6 4. g3 dxc4 5. Bg2 a6 6. O-O Nc6 7. e3 Be7 8. Nfd2 O-O 9. Nxc4 Nd5 10. e4 Nf6 11. e5 Nd5 12. a3 f6 13. Re1 fxe5 14. Nxe5 Nxe5 15. Rxe5 Bf6 16. Re1 Ne7 17. Be3 Nf5 18. Nc3 Nxd4 19. Qa4 e5 20. Nd5 c6 21. Nxf6+ Qxf6 22. Qd1 Bf5 23. Rc1 Rad8 24. Bxd4 exd4 25. Rf1 d3 26. Rc3 d2 27. f4 Bg4 28. Bf3 Bxf3 29. Rfxf3 Rfe8 30. Rf1 Qd4+ 0-1

[Event "FIDE WCCC Open-08 2024"]
[Site "Montesilvano"]
[Date "2024.11.18"]
[Round "3.3"]
[White "Badescu, Matei-Andrei"]
[Black "Szumiec, Jan"]
[Result "1-0"]
[ECO "B22"]
[WhiteElo "1829"]
[BlackElo "1678"]
[PlyCount "66"]
[EventDate "2024.11.18"]
[EventType "swiss"]
[EventCountry "ITA"]
[TimeControl "5400+30"]

1. e4 c5 2. c3 Nf6 3. e5 Nd5 4. d4 cxd4 5. Nf3 d6 6. cxd4 Nc6 7. Bc4 Nb6 8. Bb5 Bd7 9. exd6 e6 10. Bg5 Qb8 11. Nc3 Bxd6 12. O-O Ne7 13. Bxd7+ Nxd7 14. d5 e5 15. Bxe7 Bxe7 16. Qa4 a6 17. Rad1 b5 18. Qg4 Bf6 19. Ne4 O-O 20. Qxd7 Bd8 21. Nc3 b4 22. Ne4 f5 23. Nc5 Rf7 24. Qe8+ Rf8 25. Qxf8+ Kxf8 26. Nd7+ Ke8 27. Nxb8 Rxb8 28. Nxe5 Bf6 29. Rfe1 Bxe5 30. Rxe5+ Kf7 31. d6 Rd8 32. d7 h6 33. Re8 Rxe8 1-0

[Event "FIDE WCCC Open-08 2024"]
[Site "Montesilvano"]
[Date "2024.11.18"]
[Round "3.4"]
[White "Sattwik Swain"]
[Black "Czachurski, Ignacy"]
[Result "1-0"]
[ECO "B45"]
[WhiteElo "1787"]
[BlackElo "1672"]
[PlyCount "87"]
[EventDate "2024.11.18"]
[EventType "swiss"]
[EventCountry "ITA"]
[TimeControl "5400+30"]

1. e4 c5 2. Nf3 e6 3. d4 cxd4 4. Nxd4 Nf6 5. Nc3 Nc6 6. Ndb5 Bc5 7. Nd6+ Ke7 8. Nxc8+ Rxc8 9. Bd3 Re8 10. O-O Kf8 11. Bf4 Bd4 12. Nb5 e5 13. Nxd4 Nxd4 14. Be3 Ne6 15. Qd2 b6 16. Rad1 d5 17. exd5 Qxd5 18. Qb4+ Re7 19. Ba6 Qc6 20. Bxc8 Qxc8 21. Rd2 Ke8 22. Rfd1 g5 23. Qb5+ Nd7 24. Rd6 h5 25. Qd3 Kd8 26. Qf5 Kc7 27. Bxg5 Nxg5 28. Qxg5 f6 29. Qf5 Rg7 30. Qe6 Qd8 31. Qc4+ Kb8 32. Qd5 Qc8 33. Rxd7 Rxd7 34. Qxd7 Qxc2 35. Qd2 Qg6 36. Rc1 Kb7 37. Qd7+ Ka6 38. Qa4+ Kb7 39. Qc6+ Ka6 40. a4 Qd3 41. b4 Qd8 42. Ra1 Qd1+ 43. Rxd1 e4 44. Qc8# 1-0

[Event "FIDE WCCC Open-08 2024"]
[Site "Montesilvano"]
[Date "2024.11.18"]
[Round "3.5"]
[White "Zhu, Daniel"]
[Black "Divith Reddy Adulla"]
[Result "0-1"]
[ECO "D47"]
[WhiteElo "2050"]
[BlackElo "1784"]
[PlyCount "86"]
[EventDate "2024.11.18"]
[EventType "swiss"]
[EventCountry "ITA"]
[TimeControl "5400+30"]

1. d4 d5 2. c4 e6 3. Nf3 Nf6 4. Nc3 c6 5. e3 Nbd7 6. Bd3 dxc4 7. Bxc4 b5 8. Bd3 Bb7 9. O-O Be7 10. e4 b4 11. Ne2 c5 12. Ng3 cxd4 13. Nxd4 O-O 14. Re1 Ne5 15. Bf1 Qb6 16. Be3 Rfd8 17. Ndf5 Rxd1 18. Nxe7+ Kf8 19. Bxb6 Rxe1 20. Ng6+ Nxg6 21. Bc5+ Kg8 22. Rxe1 a5 23. f3 Rc8 24. Bd4 e5 25. Be3 Ne8 26. Nf5 Rd8 27. Bb6 Rd2 28. Re2 Rd1 29. Ne3 Ra1 30. Bxa5 b3 31. a3 Rb1 32. Kf2 Nf6 33. Rd2 h6 34. Bc4 Rh1 35. Nf1 Nf4 36. g3 Nh3+ 37. Kg2 Rg1+ 38. Kxh3 Bc8+ 39. g4 Nh5 40. Bd8 g5 41. Bxg5 hxg5 42. Rd8+ Kh7 43. Rxc8 Nf4# 0-1

[Event "FIDE WCCC Open-08 2024"]
[Site "Montesilvano"]
[Date "2024.11.18"]
[Round "3.6"]
[White "Zhang, Yangming"]
[Black "Adilbek, Adinur"]
[Result "1-0"]
[ECO "B13"]
[WhiteElo "1770"]
[BlackElo "1651"]
[PlyCount "115"]
[EventDate "2024.11.18"]
[EventType "swiss"]
[EventCountry "ITA"]
[TimeControl "5400+30"]

1. e4 c6 2. d4 d5 3. exd5 cxd5 4. Bd3 Nc6 5. c3 Nf6 6. h3 g6 7. Nf3 Bf5 8. Ne5 Bg7 9. Bxf5 gxf5 10. Bf4 e6 11. Nd2 Rc8 12. Qe2 Ne4 13. Nxe4 fxe4 14. O-O Nxe5 15. dxe5 O-O 16. f3 Rc4 17. Rad1 Qh4 18. Qe3 Rfc8 19. Rd4 Rxd4 20. cxd4 exf3 21. Qxf3 Rc7 22. Kh1 Bh6 23. Bxh6 Qxh6 24. Qa3 Rc1 25. Qg3+ Kf8 26. Qa3+ Ke8 27. Qa4+ Kd8 28. Qb5 Qf4 29. Rxc1 Qxc1+ 30. Kh2 Qf4+ 31. Kh1 Qxd4 32. Qxb7 Qxe5 33. Qa8+ Ke7 34. Qxa7+ Kf8 35. Qa3+ Kg7 36. b4 d4 37. Qd3 Qd5 38. b5 e5 39. b6 e4 40. Qg3+ Kf6 41. Qf4+ Kg6 42. Qc7 e3 43. b7 e2 44. Qg3+ Qg5 45. b8=Q Kh6 46. Qxg5+ Kxg5 47. Qg3+ Kf5 48. Qg4+ Ke5 49. Qxe2+ Kd5 50. Qd3 f5 51. a4 Kc5 52. a5 f4 53. a6 Kb6 54. Qa3 f3 55. gxf3 h5 56. a7 d3 57. a8=Q d2 58. Q3a5# 1-0

[Event "FIDE WCCC Open-08 2024"]
[Site "Montesilvano"]
[Date "2024.11.18"]
[Round "3.7"]
[White "Elemes, Nurmukhamed"]
[Black "Cherem, Yoseph"]
[Result "1-0"]
[ECO "E14"]
[WhiteElo "1735"]
[BlackElo "1634"]
[PlyCount "45"]
[EventDate "2024.11.18"]
[EventType "swiss"]
[EventCountry "ITA"]
[TimeControl "5400+30"]

1. d4 Nf6 2. c4 e6 3. Nf3 Bb4+ 4. Nbd2 b6 5. a3 Bxd2+ 6. Qxd2 Bb7 7. e3 Ne4 8. Qc2 O-O 9. Bd3 f5 10. O-O a5 11. b3 g5 12. Bb2 g4 13. Nd2 d5 14. cxd5 exd5 15. Rac1 Ba6 16. Bxa6 Nxa6 17. f3 Nxd2 18. Qxd2 Qd7 19. fxg4 fxg4 20. e4 dxe4 21. d5 e3 22. Qd4 Rxf1+ 23. Rxf1 1-0

[Event "FIDE WCCC Open-08 2024"]
[Site "Montesilvano"]
[Date "2024.11.18"]
[Round "3.8"]
[White "Cardas, Serghei"]
[Black "Singh, Ian Avery"]
[Result "1-0"]
[ECO "D10"]
[WhiteElo "1627"]
[BlackElo "1713"]
[PlyCount "59"]
[EventDate "2024.11.18"]
[EventType "swiss"]
[EventCountry "ITA"]
[TimeControl "5400+30"]

1. d4 d5 2. c4 c6 3. Nc3 Nf6 4. Bf4 dxc4 5. a4 Qa5 6. Bd2 Be6 7. e4 Qc7 8. Nf3 h6 9. Qc2 g6 10. e5 Nd5 11. Ne4 b5 12. Qc1 Nd7 13. Be2 Bg7 14. O-O Rc8 15. Nc3 Nxc3 16. Qxc3 a6 17. Nh4 c5 18. Qg3 g5 19. f4 cxd4 20. Bf3 Nxe5 21. fxe5 Bxe5 22. Qf2 gxh4 23. Bh5 Bf6 24. Rae1 Kf8 25. Rxe6 fxe6 26. Qxd4 Qc5 27. Rxf6+ exf6 28. Bb4 Rh7 29. Bxc5+ Kg7 30. Qd7+ 1-0

[Event "FIDE WCCC Open-08 2024"]
[Site "Montesilvano"]
[Date "2024.11.18"]
[Round "3.9"]
[White "Meiyazhagan, Kaviinayan"]
[Black "Nurshin, Nurali"]
[Result "0-1"]
[ECO "B22"]
[WhiteElo "1707"]
[BlackElo "1612"]
[PlyCount "174"]
[EventDate "2024.11.18"]
[EventType "swiss"]
[EventCountry "ITA"]
[TimeControl "5400+30"]

1. e4 c5 2. d4 cxd4 3. c3 d5 4. exd5 Qxd5 5. cxd4 Nc6 6. Nf3 Bg4 7. Be2 Nf6 8. Nc3 Qa5 9. O-O e6 10. Bf4 Be7 11. Qb3 Qb4 12. Qxb4 Nxb4 13. Rac1 a6 14. Rfd1 Nbd5 15. Bg5 Nxc3 16. bxc3 Nd5 17. Bxe7 Kxe7 18. h3 Nf4 19. Kf1 Bh5 20. g4 Bg6 21. h4 Be4 22. Ne5 Bg2+ 23. Ke1 f6 24. Nd3 Nxd3+ 25. Rxd3 Bc6 26. c4 Rhd8 27. Rcd1 b5 28. Rb3 bxc4 29. Bxc4 Ra7 30. Rb6 Bd5 31. Bxd5 Rxd5 32. Rd2 a5 33. Re2 Rxd4 34. Rbxe6+ Kf7 35. R6e4 Rad7 36. f3 Rxe4 37. Rxe4 Rd3 38. Kf2 Ra3 39. Re2 f5 40. Kg2 Kf6 41. Kf2 fxg4 42. fxg4 h5 43. gxh5 Rh3 44. Ke1 Rxh4 45. Rf2+ Kg5 46. Rg2+ Kh6 47. Rg6+ Kh7 48. Rg5 Rh1+ 49. Kd2 Rh2+ 50. Kc3 Rxa2 51. Kb3 Ra1 52. Kb2 Rh1 53. Rxa5 Kh6 54. Kc2 Rxh5 55. Ra6+ g6 56. Kd3 Re5 57. Kd4 Re8 58. Ra1 g5 59. Rh1+ Kg6 60. Rg1 Re7 61. Kd5 Re2 62. Kd4 Kf5 63. Rf1+ Kg4 64. Rg1+ Kf4 65. Rf1+ Kg3 66. Rg1+ Rg2 67. Rf1 Rf2 68. Ra1 Kf4 69. Kd3 g4 70. Ra8 Kf3 71. Rf8+ Kg2 72. Rg8 g3 73. Ke3 Rf7 74. Ke2 Re7+ 75. Kd2 Kh2 76. Rh8+ Kg1 77. Rg8 g2 78. Rh8 Re5 79. Rh7 Kf2 80. Rf7+ Kg3 81. Rg7+ Kf3 82. Kd3 Rd5+ 83. Kc2 Rh5 84. Kd3 Rh4 85. Rf7+ Kg3 86. Rg7+ Rg4 87. Rf7 g1=Q 0-1

[Event "FIDE WCCC Open-08 2024"]
[Site "Montesilvano"]
[Date "2024.11.18"]
[Round "3.10"]
[White "Bausys, Benas"]
[Black "Mohamed Fouad, Yahia"]
[Result "1-0"]
[ECO "B12"]
[WhiteElo "1564"]
[BlackElo "1705"]
[PlyCount "69"]
[EventDate "2024.11.18"]
[EventType "swiss"]
[EventCountry "ITA"]
[TimeControl "5400+30"]

1. e4 c6 2. d4 d5 3. e5 c5 4. dxc5 Nc6 5. Nf3 Bg4 6. a3 e6 7. b4 Qc7 8. Bb2 Nge7 9. h3 Bxf3 10. Qxf3 Ng6 11. Qg3 Be7 12. Nd2 Bh4 13. Qe3 O-O 14. g3 Be7 15. f4 a5 16. c3 axb4 17. cxb4 Ra7 18. Rc1 Qb8 19. Nf3 Rd8 20. Nd4 Nxd4 21. Bxd4 Ra8 22. Be2 Bf8 23. O-O Ne7 24. g4 h5 25. b5 Rc8 26. Rc3 hxg4 27. hxg4 Ng6 28. f5 Ne7 29. Qh3 Ra4 30. fxe6 fxe6 31. Qh5 g6 32. Qh4 Rxd4 33. Rh3 Rxg4+ 34. Bxg4 Qxe5 35. Qh7# 1-0

[Event "FIDE WCCC Open-08 2024"]
[Site "Montesilvano"]
[Date "2024.11.18"]
[Round "3.11"]
[White "Sahin, Bora"]
[Black "Tuguldur, Baatarchuluun"]
[Result "1-0"]
[ECO "C10"]
[WhiteElo "1703"]
[BlackElo "1590"]
[PlyCount "59"]
[EventDate "2024.11.18"]
[EventType "swiss"]
[EventCountry "ITA"]
[TimeControl "5400+30"]

1. e4 e6 2. d4 d5 3. Nd2 dxe4 4. Nxe4 Nd7 5. Nf3 Ngf6 6. Nxf6+ Nxf6 7. Bd3 c5 8. O-O a6 9. Bf4 Bd7 10. Re1 Bc6 11. c3 h6 12. Ne5 cxd4 13. Qc2 Nd5 14. Bg6 d3 15. Bxf7+ Ke7 16. Qd2 Be8 17. Bxe6 Nxf4 18. Qxf4 Qd6 19. Rad1 g5 20. Qe4 d2 21. Re2 Bh5 22. g4 Be8 23. Qxb7+ Kf6 24. Qxa8 Qxe6 25. Qf3+ Kg7 26. Rdxd2 Qxa2 27. c4 h5 28. Rd7+ Kg8 29. Qd5+ Bf7 30. Qxf7# 1-0

[Event "FIDE WCCC Open-08 2024"]
[Site "Montesilvano"]
[Date "2024.11.18"]
[Round "3.12"]
[White "Morozov, Arkhip"]
[Black "Kavish Palaniappan K"]
[Result "1-0"]
[ECO "A18"]
[WhiteElo "1687"]
[BlackElo "1589"]
[PlyCount "81"]
[EventDate "2024.11.18"]
[EventType "swiss"]
[EventCountry "ITA"]
[TimeControl "5400+30"]

1. c4 Nf6 2. Nc3 e6 3. e4 e5 4. g3 Nc6 5. Bg2 Bc5 6. h3 d6 7. Nge2 Be6 8. d3 O-O 9. O-O Nd7 10. Kh2 f5 11. f4 Qe8 12. exf5 Bxf5 13. Nd5 Qd8 14. g4 Be6 15. f5 Bxd5 16. Bxd5+ Kh8 17. g5 Nd4 18. Nxd4 exd4 19. Be4 Ne5 20. Qh5 g6 21. fxg6 Qe7 22. Bf4 Rae8 23. Bxe5+ Qxe5+ 24. Kg2 Qg7 25. Rf6 d5 26. cxd5 Be7 27. Raf1 Bxf6 28. gxf6 Rxf6 29. Rxf6 Re7 30. Qf5 hxg6 31. Rf8+ Kh7 32. Qh5+ Qh6 33. Rh8+ Kxh8 34. Qxh6+ Kg8 35. Bxg6 Re2+ 36. Kf1 Re7 37. Qg5 Kf8 38. Qf6+ Kg8 39. Qxe7 b5 40. Qf7+ Kh8 41. Qh7# 1-0

[Event "FIDE WCCC Open-08 2024"]
[Site "Montesilvano"]
[Date "2024.11.18"]
[Round "3.13"]
[White "Morozevich, Kirill Aleks"]
[Black "Mudriievskyi, Jan"]
[Result "0-1"]
[ECO "D36"]
[WhiteElo "1484"]
[BlackElo "1682"]
[PlyCount "98"]
[EventDate "2024.11.18"]
[EventType "swiss"]
[EventCountry "ITA"]
[TimeControl "5400+30"]

1. d4 d5 2. c4 e6 3. Nc3 Nf6 4. Bg5 Nbd7 5. e3 c6 6. cxd5 exd5 7. Bd3 Bd6 8. Nf3 O-O 9. O-O h6 10. Bh4 Re8 11. Qc2 b6 12. e4 dxe4 13. Nxe4 Re6 14. Nxd6 Rxd6 15. Bg3 Re6 16. Bf5 Re7 17. Qxc6 Ba6 18. Rfe1 Rc8 19. Qa4 Bb7 20. Ne5 Qe8 21. Qxa7 Nxe5 22. Rxe5 Rxe5 23. Bxe5 Qc6 24. f3 Ra8 25. Qxa8+ Bxa8 26. Re1 Bb7 27. Kh1 g6 28. Bd3 Nd5 29. h4 Qc8 30. Bb5 Qd8 31. g3 f6 32. Bf4 Nc7 33. Bc4+ Kg7 34. Kg2 g5 35. hxg5 hxg5 36. Be3 Nd5 37. Bf2 g4 38. Re4 gxf3+ 39. Kg1 Qh8 40. Rh4 Qc8 41. b3 b5 42. Bxb5 Qc1+ 43. Kh2 Ne3 44. a4 Nf1+ 45. Kh3 Bc8+ 46. g4 f5 47. Rh5 fxg4+ 48. Kh4 Qf4 49. Rg5+ Kf6 0-1

[Event "FIDE WCCC Open-08 2024"]
[Site "Montesilvano"]
[Date "2024.11.18"]
[Round "3.14"]
[White "Lan, Kai Zhou"]
[Black "Jia, Zining (Matthew)"]
[Result "0-1"]
[ECO "B56"]
[WhiteElo "1784"]
[BlackElo "1550"]
[PlyCount "50"]
[EventDate "2024.11.18"]
[EventType "swiss"]
[EventCountry "ITA"]
[TimeControl "5400+30"]

1. e4 c5 2. Nf3 d6 3. d4 cxd4 4. Nxd4 Nf6 5. Nc3 e5 6. Nb3 Be6 7. f3 Be7 8. Be3 d5 9. exd5 Bxd5 10. Nxd5 Nxd5 11. Bb5+ Nc6 12. Bf2 a6 13. Bd3 Nf4 14. O-O Nxd3 15. cxd3 O-O 16. d4 exd4 17. Nxd4 Nxd4 18. Bxd4 Rc8 19. Rf2 Qc7 20. Bc3 Bc5 21. Bd4 Rfd8 22. Rd2 Bxd4+ 23. Rxd4 Qc5 24. Rc1 Qxd4+ 25. Qxd4 Rxc1+ 0-1

[Event "FIDE WCCC Open-08 2024"]
[Site "Montesilvano"]
[Date "2024.11.18"]
[Round "3.15"]
[White "Lau, Great Boyou"]
[Black "Kapitanski, Furion"]
[Result "0-1"]
[ECO "C45"]
[WhiteElo "1514"]
[BlackElo "1707"]
[PlyCount "182"]
[EventDate "2024.11.18"]
[EventType "swiss"]
[EventCountry "ITA"]
[TimeControl "5400+30"]

1. e4 e5 2. Nf3 Nc6 3. d4 exd4 4. Nxd4 Bc5 5. Nxc6 Qf6 6. Qf3 dxc6 7. Bc4 Qxf3 8. gxf3 Bh3 9. Rg1 g6 10. Rg3 Be6 11. Bxe6 fxe6 12. Bd2 Nf6 13. Bc3 Rf8 14. Rg5 Bxf2+ 15. Ke2 Bb6 16. Re5 Kf7 17. Rg5 Rad8 18. Bb4 h6 19. Rg2 Rfe8 20. Nd2 Nh5 21. Rg4 g5 22. Nc4 Nf4+ 23. Kf1 e5 24. a4 a6 25. h4 Kf6 26. Bc3 Bd4 27. Bxd4 Rxd4 28. Ne3 Rd2 29. Rd1 Red8 30. Ke1 Re2+ 31. Kf1 Rxd1+ 32. Nxd1 Rxc2 33. hxg5+ hxg5 34. Rg1 Nd3 35. Rg2 Rc1 36. Rd2 Nxb2 37. Rxb2 Rxd1+ 38. Ke2 Ra1 39. Rxb7 Rxa4 40. Rxc7 Rc4 41. Ra7 g4 42. fxg4 Rxe4+ 43. Kd3 Rxg4 44. Rxa6 Rd4+ 45. Ke3 Rd6 46. Ke4 Ke6 47. Ra4 c5 48. Ra5 Rd4+ 49. Ke3 Kd5 50. Ra8 Kc4 51. Ra5 Kb4 52. Ra6 c4 53. Rb6+ Kc3 54. Rb5 Rd3+ 55. Ke2 e4 56. Rb8 Kc2 57. Rc8 c3 58. Rc7 Kc1 59. Rc8 c2 60. Rb8 Rd5 61. Rb7 e3 62. Rb8 Rd2+ 63. Ke1 e2 64. Rb7 Rd1+ 65. Kxe2 Rd5 66. Rc7 Rb5 67. Kd3 Rb3+ 68. Ke2 Kb1 69. Kd2 Rb5 70. Kd3 c1=Q 71. Rxc1+ Kxc1 72. Ke4 Kc2 73. Kd4 Kb3 74. Kd3 Rd5+ 75. Ke4 Kc4 76. Kf4 Kd4 77. Kf3 Re5 78. Kf4 Re8 79. Kf3 Re7 80. Kf2 Kd3 81. Kf1 Kd2 82. Kf2 Rf7+ 83. Kg3 Ke3 84. Kg4 Rf1 85. Kg5 Ke4 86. Kg6 Ke5 87. Kg7 Ke6 88. Kg8 Ke7 89. Kh7 Kf6 90. Kg8 Rh1 91. Kf8 Rh8# 0-1

[Event "FIDE WCCC Open-08 2024"]
[Site "Montesilvano"]
[Date "2024.11.18"]
[Round "3.16"]
[White "Charyyev Charyhekim"]
[Black "Stankowski, Wiktor"]
[Result "0-1"]
[ECO "B07"]
[WhiteElo "1589"]
[BlackElo "1617"]
[PlyCount "64"]
[EventDate "2024.11.18"]
[EventType "swiss"]
[EventCountry "ITA"]
[TimeControl "5400+30"]

1. d4 Nf6 2. Bf4 g6 3. Nc3 Bg7 4. e4 d6 5. Qd2 O-O 6. O-O-O Nbd7 7. e5 Nh5 8. Bh6 dxe5 9. dxe5 Bxe5 10. g4 Ng7 11. f4 Bd6 12. h4 Nf6 13. f5 Nxg4 14. fxg6 Nxh6 15. Qxh6 fxg6 16. Nge2 Rf2 17. Qe3 Rf8 18. Kb1 Bg4 19. Bg2 c6 20. Qd4 Bh5 21. Rd2 Qb6 22. Qc4+ Kh8 23. Ne4 Be5 24. c3 Qb5 25. Qxb5 cxb5 26. Rhd1 Nf5 27. Ng5 Ne3 28. Ne6 Nxd1 29. Nxf8 Rxf8 30. Rxd1 Bxe2 31. Rd7 Bf6 32. Rxb7 Bxh4 0-1

[Event "FIDE WCCC Open-08 2024"]
[Site "Montesilvano"]
[Date "2024.11.18"]
[Round "3.18"]
[White "Hu, Junyan"]
[Black "Xin, Andrew M."]
[Result "1-0"]
[ECO "C02"]
[WhiteElo "1924"]
[BlackElo "1546"]
[PlyCount "101"]
[EventDate "2024.11.18"]
[EventType "swiss"]
[EventCountry "ITA"]
[TimeControl "5400+30"]

1. e4 e6 2. d4 d5 3. e5 c5 4. c3 Nc6 5. Nf3 Qb6 6. a3 cxd4 7. cxd4 Nh6 8. Bd3 Bd7 9. Bc2 Rc8 10. Nc3 g6 11. O-O Nf5 12. Na4 Qa5 13. b4 Qc7 14. Nc5 b6 15. Nxd7 Qxd7 16. Ba4 Qb7 17. Qd3 Bg7 18. Bb5 O-O 19. Ba6 Qe7 20. Bxc8 Rxc8 21. Kh1 f6 22. g4 Nh6 23. exf6 Qxf6 24. Bxh6 Bxh6 25. g5 Bxg5 26. Nxg5 Qxg5 27. Qe3 Qf5 28. Rac1 Ne7 29. Rxc8+ Nxc8 30. Re1 Kf7 31. Qg3 Ne7 32. Kg2 Kf6 33. Re5 Qc2 34. Qh4+ Kf7 35. Qh5 h6 36. Qxh6 Kf6 37. Qh4+ Kf7 38. Qh7+ Kf6 39. Qh6 Nf5 40. Qf8+ Kg5 41. Qd8+ Kf4 42. h4 Ne3+ 43. Rxe3 Qf5 44. Qc7+ Kg4 45. Rg3+ Kxh4 46. Qh7+ Qh5 47. Rh3+ Kg4 48. Rxh5 gxh5 49. Qg6+ Kf4 50. Qf6+ Kg4 51. f3# 1-0

[Event "FIDE WCCC Open-08 2024"]
[Site "Montesilvano"]
[Date "2024.11.18"]
[Round "3.19"]
[White "Xu, Zhihan (Samuel)"]
[Black "Agar, Garig"]
[Result "1-0"]
[ECO "C02"]
[WhiteElo "1881"]
[BlackElo "1534"]
[PlyCount "199"]
[EventDate "2024.11.18"]
[EventType "swiss"]
[EventCountry "ITA"]
[TimeControl "5400+30"]

1. e4 e6 2. d4 d5 3. e5 c5 4. c3 Nc6 5. Nf3 Qb6 6. a3 Nh6 7. b4 cxd4 8. cxd4 Nf5 9. Bb2 Bd7 10. Be2 Rc8 11. O-O h5 12. g3 Be7 13. h4 a6 14. Re1 Bd8 15. Kg2 Qa7 16. Qd2 Bb6 17. Rd1 O-O 18. a4 g6 19. Bc3 a5 20. b5 Nce7 21. Na3 Rc7 22. Bb2 Rcc8 23. Qf4 Ng7 24. Rd2 Nef5 25. Rh1 Bd8 26. g4 hxg4 27. Qxg4 Nh5 28. Kf1 Nfg7 29. Rg1 Be7 30. Bd3 Qb6 31. Ng5 Bxg5 32. Qxg5 Qd8 33. Qg4 Kh8 34. Nc2 Nf5 35. Ba3 Rg8 36. Rh1 Rc3 37. Bb2 Rc8 38. Ne1 Nh6 39. Qf3 Nf5 40. Bxf5 exf5 41. Qxd5 Be6 42. Qxd8 Rgxd8 43. Rh3 f4 44. Rc3 Rxc3 45. Bxc3 b6 46. Nd3 Bb3 47. Nb2 Ng7 48. Rd3 Be6 49. Bd2 Nf5 50. Bxf4 Rd5 51. Be3 Nxh4 52. Bg5 Nf5 53. Bf6+ Kg8 54. Rh3 Ng7 55. Rh4 Nh5 56. Be7 Rd7 57. Bd6 Ng7 58. d5 Bxd5 59. Rd4 Be6 60. Nc4 Nf5 61. Re4 Bxc4+ 62. Rxc4 Nxd6 63. exd6 Rxd6 64. Rc6 Rd4 65. Rxb6 Rxa4 66. Ra6 Kf8 67. Ke2 Ra2+ 68. Kd3 Rxf2 69. Rxa5 Rb2 70. Kc4 g5 71. Kc5 Rc2+ 72. Kd6 Rb2 73. Kc7 Rc2+ 74. Kb8 Rb2 75. Ka7 g4 76. b6 g3 77. b7 g2 78. Ra1 g1=Q+ 79. Rxg1 Ra2+ 80. Kb8 Rc2 81. Re1 Kg7 82. Re8 f5 83. Rc8 Re2 84. Kc7 Rc2+ 85. Kd6 Rd2+ 86. Ke5 Re2+ 87. Kxf5 Rf2+ 88. Ke4 Re2+ 89. Kd4 Rd2+ 90. Kc3 Rd1 91. b8=Q Rc1+ 92. Kd2 Rxc8 93. Qxc8 Kf6 94. Qe8 Kf5 95. Ke3 Kf6 96. Ke4 Kg5 97. Qf7 Kg4 98. Qg6+ Kh3 99. Kf3 Kh2 100. Qg2# 1-0

[Event "FIDE WCCC Open-08 2024"]
[Site "Montesilvano"]
[Date "2024.11.18"]
[Round "3.20"]
[White "Lee, Yoonjae A"]
[Black "Mani, Sarbartho"]
[Result "0-1"]
[ECO "C01"]
[WhiteElo "1546"]
[BlackElo "1824"]
[PlyCount "120"]
[EventDate "2024.11.18"]
[EventType "swiss"]
[EventCountry "ITA"]
[TimeControl "5400+30"]

1. e4 e6 2. d4 d5 3. Bd3 dxe4 4. Bxe4 Nf6 5. Bf3 c5 6. Ne2 cxd4 7. Nxd4 Bc5 8. Be3 Nbd7 9. O-O O-O 10. Nc3 e5 11. Nb3 Bxe3 12. fxe3 Qe7 13. e4 Nb6 14. Qe2 Be6 15. Qf2 Rfc8 16. Rfd1 Nc4 17. Rab1 Nxb2 18. Rxb2 Rxc3 19. Qd2 Rac8 20. Qd6 Qxd6 21. Rxd6 Kf8 22. Rd2 Ke7 23. Na1 b6 24. Nb3 Re3 25. Rd3 Rxc2 26. Rxc2 Rxd3 27. Rc7+ Nd7 28. Rxa7 Kd6 29. Kf2 Nc5 30. Nxc5 Kxc5 31. a4 Rd7 32. Ra8 Bc4 33. Rh8 h6 34. Rh7 f6 35. Rh8 Kb4 36. Ra8 Bb3 37. Ra6 Rb7 38. Ra8 Bxa4 39. Rc8 b5 40. Rc1 Rd7 41. Bg4 Rd4 42. Bf5 Rc4 43. Rb1+ Kc5 44. h3 b4 45. Bg4 Rxe4 46. Bf3 Rc4 47. Be2 Rc2 48. Kf1 Bb5 49. Bxb5 Kxb5 50. g3 Kc4 51. h4 b3 52. Ke1 b2 53. Kd1 Rh2 54. Ke1 Rh1+ 55. Kd2 Rxb1 56. Kc2 e4 57. Kxb1 Kb3 58. h5 e3 59. g4 e2 60. g5 e1=R# 0-1

[Event "FIDE WCCC Open-08 2024"]
[Site "Montesilvano"]
[Date "2024.11.18"]
[Round "3.21"]
[White "Zhanabayev, Arystan"]
[Black "Protopopescu, Luca"]
[Result "0-1"]
[ECO "B27"]
[WhiteElo "1524"]
[BlackElo "1818"]
[PlyCount "140"]
[EventDate "2024.11.18"]
[EventType "swiss"]
[EventCountry "ITA"]
[TimeControl "5400+30"]

1. e4 c5 2. c3 g6 3. d4 Bg7 4. Nf3 Nc6 5. Be3 Qb6 6. b3 cxd4 7. cxd4 d6 8. h3 Nf6 9. Nc3 Qb4 10. Qd2 O-O 11. Be2 e5 12. d5 Ne7 13. Bd3 Bd7 14. O-O Rfc8 15. Rac1 a5 16. Ne2 Ne8 17. Qxb4 axb4 18. Rxc8 Nxc8 19. Nc1 f5 20. Bd2 Nf6 21. Re1 fxe4 22. Bxe4 Nb6 23. Bxb4 Nxe4 24. Rxe4 Nxd5 25. Bxd6 Bf5 26. Rc4 e4 27. Nh4 Rd8 28. Bg3 Nc3 29. Nxf5 gxf5 30. Bf4 h6 31. Kh2 Nd5 32. Bd2 Be5+ 33. g3 f4 34. Rxe4 fxg3+ 35. Kg2 Bg7 36. fxg3 b5 37. Kf3 Rc8 38. Re2 Nc3 39. Re1 Nxa2 40. Nxa2 Rc2 41. Bxh6 Bxh6 42. Re2 Rc6 43. g4 Rf6+ 44. Kg2 Ra6 45. h4 Ra3 46. g5 Bg7 47. b4 Rd3 48. Kh2 Kf7 49. h5 Rd5 50. Rg2 Rd3 51. g6+ Kg8 52. Kg1 Rh3 53. Rh2 Bd4+ 54. Kg2 Ra3 55. Kf1 Kg7 56. Rd2 Be3 57. Rd7+ Kg8 58. Re7 Bd2 59. Rb7 Rxa2 60. Rxb5 Rb2 61. Rb8+ Kg7 62. b5 Be3 63. Rb7+ Kf6 64. Rf7+ Ke6 65. Rf3 Bh6 66. Ra3 Rxb5 67. Ra6+ Kf5 68. Ra7 Kg4 69. Rh7 Kf3 70. Rf7+ Bf4 0-1

[Event "FIDE WCCC Open-08 2024"]
[Site "Montesilvano"]
[Date "2024.11.18"]
[Round "3.22"]
[White "Le, Khai"]
[Black "Rajabov, Abdurahmon"]
[Result "0-1"]
[ECO "C01"]
[WhiteElo "1808"]
[BlackElo "1515"]
[PlyCount "62"]
[EventDate "2024.11.18"]
[EventType "swiss"]
[EventCountry "ITA"]
[TimeControl "5400+30"]

1. e4 e6 2. d4 d5 3. Nc3 Nf6 4. exd5 exd5 5. Bd3 c6 6. Nge2 Bd6 7. Bg5 O-O 8. Qd2 Bg4 9. O-O Re8 10. f3 Bh5 11. Nf4 Qc7 12. Nce2 Nbd7 13. g3 c5 14. c3 c4 15. Bf5 h6 16. Bxd7 hxg5 17. Bxe8 gxf4 18. Ba4 fxg3 19. hxg3 Bxg3 20. Nxg3 Qxg3+ 21. Qg2 Qh4 22. Rae1 g6 23. Re5 Kg7 24. Rf2 Rh8 25. Kf1 Qf4 26. Qg5 Bxf3 27. Qg1 Ne4 28. Rxe4 Qxe4 29. Bc2 Qe3 30. Rh2 Qc1+ 31. Kf2 Qxc2+ 0-1

[Event "FIDE WCCC Open-08 2024"]
[Site "Montesilvano"]
[Date "2024.11.18"]
[Round "3.23"]
[White "Nguyen Thanh San"]
[Black "Ayaan Phutane"]
[Result "0-1"]
[ECO "D02"]
[WhiteElo "1493"]
[BlackElo "1796"]
[PlyCount "103"]
[EventDate "2024.11.18"]
[EventType "swiss"]
[EventCountry "ITA"]
[TimeControl "5400+30"]

1. d4 Nf6 2. Bf4 e6 3. e3 c5 4. Nf3 Nc6 5. c3 d5 6. Nbd2 Nh5 7. Bg5 f6 8. Bh4 g6 9. Be2 Ng7 10. O-O cxd4 11. exd4 Be7 12. Re1 O-O 13. Bd3 Bd7 14. Bg3 Rc8 15. Rc1 a6 16. a3 b5 17. Qe2 Qb6 18. b4 Nd8 19. Nb3 Nf7 20. Nc5 Bxc5 21. dxc5 Qb7 22. a4 e5 23. axb5 axb5 24. Bc2 Ra8 25. Bb3 Bc6 26. Red1 Nf5 27. Rd2 Ra3 28. Qd1 Rd8 29. Qc2 Kg7 30. Rcd1 d4 31. cxd4 Bxf3 32. dxe5 Bxd1 33. exf6+ Kf8 34. Rxd8+ Nxd8 35. Qxd1 Nf7 36. Bf4 Qe4 37. g3 Nd4 38. Bxf7 Kxf7 39. c6 Rd3 40. Qa1 Nxc6 41. Qa2+ Qd5 42. Qxd5+ Rxd5 43. Kg2 Nxb4 44. g4 Kxf6 45. h4 Kf7 46. g5 Nd3 47. Be3 b4 48. f4 b3 49. Kf3 b2 50. Ke4 Nb4 51. Bb6 b1=B+ 52. Kf3 0-1